 Dungeon Crawl Stone Soup version 0.31-a0-667-g39726597b9 (webtiles) character file.

Game seed: 7909153537713260982

131711 Xavori the Unseen (level 17, -17/77 (88) HPs)
             Began as a Vine Stalker Chaos Knight on Sept 3, 2023.
             Was a Plaything of Xom.
             Succumbed to a death drake's dark miasma
             ... on level 2 of the Swamp.
             The game lasted 00:44:29 (38619 turns).

Xavori the Unseen (Vine Stalker Chaos Knight)      Turns: 38619, Time: 00:44:29

HP:   -17/77 (88)   AC: 13    Str: 18    XL:     17   Next: 10%
MP:   7/26          EV: 24    Int: 13    God:    Xom [.....*]
Gold: 995           SH: 13    Dex: 35    Spells: 24/27 levels left

rFire   + . .        C - +6 dagger of the Extremes {speed, Int+2 SInv}
rCold   + . .        b - +0 buckler
rNeg    . . .        a - +2 leather armour "Anlun" {rElec rF+ Slay+2}
rPois   .            y - +2 hat
rElec   +            Q - +0 cloak
rCorr   +            (no gloves)
SInv    +            R - +0 pair of boots
Will    ++...        S - amulet of reflection
Stlth   +++++++++    f - +9 ring of dexterity
HPRegen 1.12/turn    E - ring of Gozag's Whim {rC+ rCorr Str+4 Slay+3 Stlth+}
MPRegen 0.20/turn

%: reflection, clarity, guardian spirit
@: lethally poisoned (-17 -> -85), slowed, heavily drained, very slow
A: fangs 3, regeneration 1, magic shield, antimagic bite, no potion heal 2,
talons 2, iridescent scales 1, agile 1, clarity, inability to read after injury
1, devolution 1
a: Renounce Religion


You were on level 2 of the Swamp.
You worshipped Xom.
You were Xom's teddy bear.
You visited 5 branches of the dungeon, and saw 25 of its levels.
You visited the Abyss 1 time.
You also visited: Sewer and Bailey.

You collected 4002 gold pieces.
You spent 3007 gold pieces at shops.

Inventory:

Hand Weapons
 C - the +6 dagger of the Extremes (weapon) {speed, Int+2 SInv}
   (You found it in a bailey)

   Int+2:     It affects your intelligence (+2).
   SInv:      It lets you see invisible.
Armour
 a - the +2 leather armour "Anlun" (worn) {rElec rF+ Slay+2}
   (You bought it in a shop on level 2 of the Orcish Mines)

   Slay+2:    It affects your accuracy & damage with ranged weapons and melee
   (+2).
   rF+:       It protects you from fire.
   rElec:     It insulates you from electricity.
 b - a +0 buckler (worn)
 y - a +2 hat (worn)
 P - a +2 troll leather armour {Snorg}
 Q - a +0 cloak (worn)
 R - a +0 pair of boots (worn)
Jewellery
 f - a +9 ring of dexterity (left hand)
 s - a ring of poison resistance
 E - the ring of Gozag's Whim (right hand) {rC+ rCorr Str+4 Slay+3 Stlth+}
   (You bought it in a shop on level 3 of the Dungeon)

   [ring of resist corrosion]

   Str+4:     It affects your strength (+4).
   Slay+3:    It affects your accuracy & damage with ranged weapons and melee
   (+3).
   rC+:       It protects you from cold.
   rCorr:     It protects you from acid and corrosion.
   Stlth+:    It makes you more stealthy.
 H - a ring of see invisible
 I - a ring of flight
 M - a ring of fire
 S - an amulet of reflection (around neck)
 T - a ring of protection from cold
Talismans
 x - a maw talisman
 D - a granite talisman
Wands
 h - a wand of polymorph (21)
 k - a wand of digging (13)
 o - a wand of iceblast (19)
 z - a wand of acid (5)
 B - a wand of mindburst (1)
 F - a wand of paralysis (5)
 V - a wand of flame (12)
Scrolls
 c - 3 scrolls of silence
 d - 6 scrolls of amnesia
 g - 5 scrolls of enchant weapon
 i - 5 scrolls of fear
 j - 7 scrolls of enchant armour
 q - 4 scrolls of revelation
 r - 16 scrolls of teleportation
 t - 3 scrolls of fog
 A - 3 scrolls of poison
 J - a scroll of identify
 K - 5 scrolls of blinking
Potions
 e - 5 potions of curing
 l - a potion of resistance
 m - 3 potions of attraction
 n - 3 potions of brilliance
 p - 4 potions of haste
 u - 5 potions of might
 v - 4 potions of magic
 w - 3 potions of mutation
 G - 4 potions of enlightenment
 L - 2 potions of cancellation
 O - a potion of invisibility
 U - 2 potions of berserk rage
Miscellaneous
 N - a phial of floods


   Skills:
 + Level 9.4 Fighting
 + Level 10.8 Short Blades
 * Level 9.4 Armour
 * Level 10.2 Dodging
 + Level 17.9 Stealth
 + Level 5.4 Shields
 + Level 0.2 Unarmed Combat
 - Level 5.7 Spellcasting
 - Level 4.3 Conjurations
 * Level 4.7 Hexes
 - Level 5.3 Evocations
 * Level 10.6 Shapeshifting


You had 24 spell levels left.
You knew the following spells:

 Your Spells              Type           Power      Damage    Failure   Level
a - Dazzling Flash        Conj/Hex       30%        N/A       12%         3

Your spell library contained the following spells:

 Spells                   Type           Power      Damage    Failure   Level
 Shock                    Conj/Air       36%        1d5       11%         1
 Ensorcelled Hibernation  Hex/Ice        18%        N/A       14%         2
 Apportation              Tloc           6%         N/A       26%         1
 Inner Flame              Hex/Fire       9%         N/A       28%         3
 Passwall                 Tmut/Erth      2%         N/A       36%         2
 Wereblood                Tmut           3%         N/A       36%         2
 Frozen Ramparts          Ice            6%         1d1       58%         3
 Gell's Gravitas          Tloc           3%         N/A       58%         3
 Swiftness                Air            3%         N/A       58%         3
 Teleport Other           Tloc           3%         N/A       58%         3
 Flame Wave               Conj/Fire      9%         2d6       71%         4
 Sticky Flame             Conj/Fire      9%         2d3       71%         4
 Airstrike                Air            1%         2d(1-17)  94%         4
 Animate Dead             Necr           3%         N/A       94%         4
 Petrify                  Tmut/Erth      3%         N/A       94%         4
 Summon Ice Beast         Ice/Summ       3%         N/A       94%         4
 Vhi's Electric Charge    Tloc/Air       6%         N/A       94%         4
 Metabolic Englaciation   Hex/Ice        4%         N/A       95%         5
 Silence                  Hex/Air        4%         N/A       95%         5
 Summon Mana Viper        Hex/Summ       9%         N/A       95%         5
 Arcjolt                  Conj/Air       4%         1d14      96%         5
 Irradiate                Conj/Tmut      4%         3d13      96%         5
 Agony                    Necr           3%         N/A       100%        5
 Dispersal                Tloc           1%         N/A       100%        6
 Plasma Beam              Fire/Air       1%         2x1d11    100%        6
 Haunt                    Necr/Summ      1%         N/A       100%        7
 Malign Gateway           Summ/Tloc      1%         N/A       100%        7
 Monstrous Menagerie      Summ           1%         N/A       100%        7
 Disjunction              Tloc           1%         N/A       100%        8
 Infestation              Necr           1%         N/A       100%        8
 Summon Horrible Things   Summ           1%         N/A       100%        8


Dungeon Overview and Level Annotations

Branches:
Dungeon (15/15)            Temple (0/1) D:5            Lair (5/5) D:11
  Swamp (2/4) Lair:2        Snake (0/4) Lair:3        Slime (0/5) Lair:4
    Orc (2/2) D:12            Elf (1/3) Orc:2        Vaults (0/5) D:14
 Depths (0/4) D:15          Sewer (visited)          Bailey (visited)

Altars:
Cheibriados
Elyvilon
Gozag
Hepliaklqana
Kikubaaqudgha
Makhleb
Nemelex Xobeh
Okawaru
Qazlal
Ru
Sif Muna
Uskayaw
Vehumet
Xom
Yredelemnul
Zin
Jiyva

Shops:
D:3 =   Orc:1 *   Orc:2 *=?[[   Elf:1 ?**!

Portals:
Trove: D:15 (show slimy rune of Zot)

Annotations:
D:4 2 transporters, randomguy2701's ghost, novice HOFi


Innate Abilities, Weirdness & Mutations

You have razor-sharp teeth.
Your natural rate of healing is unusually fast.
When hurt, damage is shared between your health and your magic reserves.
Your bite disrupts and absorbs the magic of your enemies.
Potions cannot restore your health.
You have razor-sharp toenails.
You are partially covered in iridescent scales. (AC +2)
You are agile. (Dex +4, Str/Int -1)
You possess an exceptional clarity of mind.
You occasionally lose the ability to read scrolls when taking damage.
You have hidden genetic defects.


Message History

The death drake is heavily wounded.
You are engulfed in dark miasma.
You are poisoned.
You feel as though you will be slow longer.
You feel sick. The death drake misses you.
Your unstable footing causes you to fumble your attack.
You are engulfed in dark miasma.
You feel sick. The death drake breathes miasma at you.
The foul vapour misses you.
You puncture the death drake! Your bite misses the death drake.
The death drake is severely wounded.
You are engulfed in dark miasma.
You feel as though you will be slow longer.
You feel sick. The death drake misses you.
You puncture the death drake!
The death drake is almost dead.
You are engulfed in dark miasma.
You feel sick.
Xom's power brushes against you for a moment.
Your body is suffused with distortional energy.
You feel your surroundings grow louder.
You feel less resistant to poisons.
You feel a hidden malignance growing inside you.
You are now Xom's teddy bear.
Your unstable footing causes you to fumble your attack.
You are engulfed in dark miasma.
You are more poisoned.
You feel sick. The death drake completely misses you.
You barely miss the death drake. Your bite misses the death drake.
The death drake is almost dead.
You are engulfed in dark miasma.
You are more poisoned.
You feel as though you will be slow longer.
You feel very sick. The death drake breathes miasma at you.
The foul vapour engulfs you.
You are lethally poisoned!
You are engulfed in dark miasma.
You are more poisoned.
* * * LOW HITPOINT WARNING * * *
You die...
Xom laughs nastily!

♣♣♣ ♣♣~♣♣
♣.~.♣
♣♣<.♣♣♣ ♣♣
♣♣♣~.♣♣
♣♣~.♣
♣...♣♣♣♣~~>.
♣♣..○○.~~.♣
♣♣.@○○♣~♣♣
♣♣○°○~~♣
♣♣○k..♣
♣.~~~♣
♣~~~~~♣
♣~§~.~♣
♣..♣♣♣♣ ♣~♣♣
~~♣


You could see a death drake (catching breath).

Vanquished Creatures
  Jorgrun (D:12)
  Kirke (D:14)
  A deep elf sorcerer (Elf:1)
  A fire giant (D:15)
  A very ugly thing (Abyss:2)
  2 deep elf annihilators (Elf:1)
  A bunyip (Swamp:1)
  An ettin (Orc:1)
  Snorg (Lair:5)
  4 vault guards (D:14)
  A ghost crab (Swamp:1)
  An ogre mage (D:14)
  3 centaur warriors (D:14)
  Erica (D:9)
  4 hydras
  10 two-headed ogres
  A boulder beetle (Lair:1)
  An alligator (Swamp:1)
  A death knight (D:15)
  5 dancing weapons (Elf:1)
  2 thrashing horrors (Abyss:2)
  4 deep elf knights (Elf:1)
  Sonja (Lair:2)
  Urug (D:13)
  2 orc high priests
  A wretched star (Abyss:2)
  A skyshark (Lair:4)
  2 goliath frogs (Swamp:1)
  3 skeletal warriors (D:15)
  2 bog bodies (Swamp:1)
  7 deep elf archers (Elf:1)
  A spriggan druid (Swamp:1)
  A swamp dragon (Swamp:1)
  An orb spider (shapeshifter) (Lair:5)
  16 deep elf zephyrmancers (Elf:1)
  14 deep elf pyromancers
  Pikel (D:9)
  9 orc knights
  19 ugly things
  An oklob plant (Lair:1)
  3 orc sorcerers
  A will-o-the-wisp (Swamp:1)
  A worldbinder (Abyss:2)
  5 cyclopes
  6 black mambas
  8 elephants
  Joseph (D:7)
  5 manticores
  5 gargoyles
  Jeremiah (D:7)
  7 cane toads
  A torpor snail (Lair:5)
  11 rime drakes
  2 kobold demonologists (D:10)
  A hellion (Abyss:2)
  An efreet (D:13)
  A freezing wraith (Abyss:2)
  A yaktaur (shapeshifter) (Abyss:2)
  8 komodo dragons
  5 polar bears
  4 trolls
  Prince Ribbit (D:9)
  3 meliai (D:14)
  Grinder (D:3)
  8 hornets
  3 raiju (Abyss:2)
  3 blink frogs (Lair:4)
  2 dream sheep (Lair:5)
  A tyrant leech (Swamp:1)
  18 slime creatures
  Sigmund (D:2)
  A shadow (D:9)
  42 yaks
  An air elemental (Elf:1)
  6 wyverns
  4 water elementals
  A hog (D:14)
  4 wraiths
  19 spriggans
  A human (D:14)
  A golden eye (D:8)
  Eustachio (D:4)
  A fire elemental (Elf:1)
  6 steam dragons
  10 vampire mosquitoes
  5 basilisks
  A naga (D:9)
  10 swamp worms
  13 water moccasins
  8 wargs
  A hell hound (D:15)
  3 ice beasts
  6 black bears
  55 orc warriors
  A sky beast (D:7)
  7 ogres
  4 boggarts (Lair:5)
  28 wolves
  13 centaurs
  2 lemures (D:9)
  6 kobold brigands
  14 bullfrogs
  A gnoll sergeant (D:8)
  2 scorpions
  A bullfrog (shapeshifter) (Elf:1)
  A necrophage (D:8)
  A wyvern zombie (D:8)
  An earth elemental (Elf:1)
  A small abomination (Abyss:2)
  14 wights
  5 killer bees (D:9)
  2 howler monkeys
  5 electric eels
  A centaur zombie (D:8)
  2 hounds (D:6)
  A human zombie (D:8)
  6 jellies
  6 orc priests
  2 sleepcaps
  An iron imp (Abyss:2)
  4 iguanas
  21 orc wizards
  6 hell rats (D:15)
  2 killer bee zombies (D:8)
  5 mummies
  A howler monkey zombie (D:8)
  16 adders
  12 gnolls
  2 river rats (Sewer)
  4 white imps
  4 ufetubi
  2 worms
  3 dart slugs
  87 orcs
  11 ball pythons
  12 endoplasms
  3 giant cockroaches
  17 goblins
  5 hobgoblins
  3 jackals (Sewer)
  3 quokkas
  5 bats
  4 frilled lizards
  24 kobolds
  11 rats
845 creatures vanquished.

Vanquished Creatures (collateral kills)
  A gargoyle (D:12)
  2 yaks (Lair:2)
  A swamp worm (Lair:2)
  A warg (D:12)
  An ogre (D:12)
  An orc priest (D:12)
  An orc wizard (D:12)
  6 orcs
  2 goblins (D:12)
  A jackal (Sewer)
17 creatures vanquished.

Vanquished Creatures (others)
  3 humans (D:14)
  An orc warrior (D:6)
  4 orcs
  4 foxfires (Swamp:1)
12 creatures vanquished.

Grand Total: 874 creatures vanquished

Notes
Turn   | Place    | Note
-------+----------+-------------------------------------------
     0 | D:1      | Xavori the Vine Stalker Chaos Knight began the quest for
                  | the Orb.
     0 | D:1      | Reached XP level 1. HP: 11/11 MP: 2/2
   146 | D:1      | You fall into a shaft and drop 1 floor!
   178 | D:2      | Noticed Sigmund
   181 | D:2      | XOM: potion effect (brilliance)
   196 | D:2      | Killed Sigmund
   197 | D:2      | Reached skill level 1 in Dodging
   197 | D:2      | Reached XP level 2. HP: 17/17 MP: 3/3
   197 | D:2      | Reached XP level 3. HP: 21/21 MP: 4/4
   197 | D:2      | Reached XP level 4. HP: 25/25 MP: 5/5
   197 | D:2      | Reached XP level 5. HP: 29/29 MP: 6/6
   416 | D:1      | Found a faded altar of an unknown god.
   684 | D:1      | XOM: god gift: coral ring {god gift}
   929 | D:1      | XOM: scenery: create altars
  1991 | D:1      | XOM: give mutations
  1991 | D:1      | Gained mutation: Your flesh is cold resistant. (rC+) [Xom's
                  | mischief]
  1991 | D:1      | Gained mutation: Your spells are a little harder to cast,
                  | but a little more powerful. [Xom's mischief]
  2015 | D:1      | XOM: torment (19/29 hp)
  2088 | D:1      | XOM: summons 3 hostile demons
  2708 | D:1      | XOM: give mutation
  2708 | D:1      | Gained mutation: You possess an exceptional clarity of
                  | mind. [Xom's mischief]
  2795 | D:1      | XOM: cloud trail
  3100 | D:1      | XOM: give mutation
  3100 | D:1      | Gained mutation: You occasionally lose the ability to drink
                  | potions when taking damage. [Xom's mischief]
  3168 | D:1      | XOM: give mutation
  3168 | D:1      | Gained mutation: You occasionally lose the ability to read
                  | scrolls when taking damage. [Xom's mischief]
  3472 | D:1      | XOM is BORED!
  3472 | D:1      | XOM: give mutations
  3472 | D:1      | Lost mutation: You occasionally lose the ability to read
                  | scrolls when taking damage. [Xom's mischief]
  3472 | D:1      | Gained mutation: Your body sometimes deteriorates upon
                  | taking damage. [Xom's mischief]
  4020 | D:1      | XOM: divination: magic mapping
  5527 | D:1      | XOM: silly message
  5537 | D:1      | XOM: silly message
  5963 | D:1      | XOM: silly message
  6231 | D:1      | XOM: give mutations
  6231 | D:1      | Gained mutation: You are somewhat resistant to further
                  | mutation. [Xom's grace]
  6231 | D:1      | Gained mutation: You have sharp toenails. [Xom's grace]
  6417 | D:1      | XOM: give mutations
  6417 | D:1      | Gained mutation: Your muscles are strong. (Str +4, Int/Dex
                  | -1) [Xom's grace]
  6417 | D:1      | Lost mutation: You are somewhat resistant to further
                  | mutation. [Xom's grace]
  6417 | D:1      | Gained mutation: You have hidden genetic potential. [Xom's
                  | grace]
  6417 | D:1      | Gained mutation: You are agile. (Dex +4, Str/Int -1) [Xom's
                  | grace]
  6545 | D:1      | XOM: god gift: wand of digging (5)
  6798 | D:1      | XOM: cloud trail
  7333 | D:1      | XOM: divination: detect creatures
  7725 | D:1      | XOM: cloud trail
  8084 | D:1      | XOM: cloud trail
  8089 | D:1      | XOM: give mutation
  8089 | D:1      | Gained mutation: You are covered in fur. (AC +1) [Xom's
                  | grace]
  8218 | D:1      | XOM: give mutation
  8218 | D:1      | Gained mutation: You are strong-willed. (Will+) [Xom's
                  | grace]
  8732 | D:1      | XOM: give mutations
  8732 | D:1      | Gained mutation: You have razor-sharp toenails. [Xom's
                  | grace]
  8732 | D:1      | Gained mutation: You are very agile. (Dex +8, Str/Int -2)
                  | [Xom's grace]
  8886 | D:1      | XOM is BORED!
  8886 | D:1      | XOM: summons 1 hostile demon
  8931 | D:2      | Reached skill level 1 in Stealth
  9457 | D:2      | Reached XP level 6. HP: 33/33 MP: 7/7
  9479 | D:2      | XOM: summons 3 hostile demons
  9589 | D:3      | Found a snail-covered altar of Cheibriados.
  9710 | D:3      | Found Puqeshri's One-of-a-Kind Rings.
  9778 | D:3      | Noticed Grinder
  9778 | D:3      | XOM: divination: magic mapping
  9789 | D:3      | XOM: 2-stop teleportation journey
  9865 | D:3      | Gained mutation: You have an increased reservoir of magic.
                  | (+10% MP) [hidden potential]
  9903 | D:3      | XOM: summons friendly quasit
  9912 | D:3      | Killed Grinder
  9913 | D:3      | Reached skill level 2 in Stealth
  9913 | D:3      | Reached XP level 7. HP: 38/38 MP: 8/8
  9922 | D:3      | Found a white marble altar of Elyvilon.
 10054 | D:4      | Found a glowing drain.
 10063 | Sewer    | Entered a sewer
 10102 | Sewer    | Gained mutation: Your flesh is very cold resistant. (rC++)
                  | [hidden potential]
 10102 | Sewer    | Lost mutation: You have hidden genetic potential. [hidden
                  | potential expressed]
 10147 | Sewer    | XOM: divination: detect items
 10163 | Sewer    | Reached skill level 3 in Stealth
 10182 | Sewer    | Reached skill level 5 in Short Blades
 10182 | Sewer    | Reached skill level 1 in Evocations
 10281 | Sewer    | XOM: cast spell 'Summon Mana Viper'
 10445 | Sewer    | Reached skill level 1 in Spellcasting
 10571 | Sewer    | XOM: noise
 10644 | Sewer    | XOM: give mutations
 10644 | Sewer    | Gained mutation: Your muscles are very strong. (Str +8,
                  | Int/Dex -2) [Xom's grace]
 10988 | D:4      | Gained mutation: You have razor-sharp teeth. [Vine Stalker
                  | growth]
 10988 | D:4      | Reached XP level 8. HP: 34/42 MP: 7/12
 11108 | D:4      | Noticed Eustachio
 11108 | D:4      | XOM: 6-stop teleportation journey
 11113 | D:4      | Found a transporter.
 11116 | D:4      | Noticed randomguy2701's ghost (novice HOFi)
 11144 | D:4      | Found a transporter.
 11162 | D:4      | Killed Eustachio
 11420 | D:5      | Entered Level 5 of the Dungeon
 11449 | D:5      | XOM: noise
 11451 | D:5      | XOM: silly message
 11460 | D:5      | XOM: blink monster(s)
 11503 | D:5      | XOM: swap monsters
 11510 | D:5      | Reached skill level 1 in Shapeshifting
 11563 | D:5      | Found an iron altar of Okawaru.
 11846 | D:5      | Found a staircase to the Ecumenical Temple.
 11873 | D:5      | Reached skill level 4 in Stealth
 12193 | D:5      | XOM: give mutations
 12193 | D:5      | Lost mutation: You possess an exceptional clarity of mind.
                  | [Xom's mischief]
 12193 | D:5      | Lost mutation: You are strong-willed. (Will+) [Xom's
                  | mischief]
 12444 | D:6      | XOM: noise
 12458 | D:6      | Reached skill level 5 in Fighting
 12468 | D:6      | XOM: divine lightning
 12469 | D:6      | Reached XP level 9. HP: 41/47 MP: 15/15
 12501 | D:6      | Found a glowing silver altar of Zin.
 12925 | D:6      | Reached skill level 5 in Stealth
 12946 | D:6      | XOM is BORED!
 13552 | D:7      | Found a flagged portal.
 13568 | D:7      | XOM: butterfly on damage
 13624 | Bailey   | Entered a bailey
 13693 | Bailey   | XOM: noise
 13707 | Bailey   | XOM: noise
 13719 | Bailey   | Reached XP level 10. HP: 37/53 MP: 16/19
 13868 | Bailey   | Reached skill level 6 in Stealth
 13978 | Bailey   | XOM: summons friendly white imp
 13979 | Bailey   | XOM: enchant monster (bad)
 13984 | Bailey   | Noticed an orc sorcerer
 13992 | Bailey   | Noticed a rust devil
 14068 | Bailey   | Killed an orc sorcerer
 14111 | Bailey   | Noticed an orc high priest
 14120 | Bailey   | XOM: noise
 14138 | Bailey   | Killed an orc high priest
 14139 | Bailey   | Reached skill level 5 in Spellcasting
 14194 | Bailey   | Found an iron altar of Okawaru.
 14213 | Bailey   | Got the Directory of the Trees
 14220 | Bailey   | Identified the +6 dagger of the Extremes {speed, Int+2
                  | SInv}
 14254 | Bailey   | XOM: 1-stop teleportation journey
 14310 | Bailey   | Identified the +0 robe "Sawew" {Str+4}
 14424 | D:7      | XOM: stat loss: -1 Int (9/10)
 14451 | D:7      | Noticed Jeremiah
 14456 | D:7      | XOM: polymorph butterfly -> kobold
 14468 | D:7      | Killed Jeremiah
 14534 | D:7      | Acquired 1356 gold pieces
 14679 | D:7      | Noticed Joseph
 14680 | D:7      | Noticed a gargoyle
 14681 | D:7      | XOM: confusion (+ monsters)
 14682 | D:7      | XOM: noise
 14683 | D:7      | XOM: confuse monster(s)
 14689 | D:7      | Killed a gargoyle
 14690 | D:7      | Reached skill level 5 in Evocations
 14696 | D:7      | Killed Joseph
 14697 | D:7      | Reached XP level 11. HP: 31/57 MP: 11/22
 14787 | D:7      | Reached skill level 7 in Stealth
 14802 | D:7      | XOM: draining
 14982 | D:7      | Found a sparkling altar of Nemelex Xobeh.
 14982 | D:7      | Found an ancient bone altar of Kikubaaqudgha.
 15214 | D:3      | Bought the ring of Gozag's Whim {rC+ rCorr Str+4 Slay+3
                  | Stlth+} for 635 gold pieces
 15222 | D:3      | Bought a +9 ring of dexterity for 858 gold pieces
 15662 | D:8      | XOM: divination: detect creatures
 15665 | D:8      | XOM: confuse monster(s)
 15683 | D:8      | Reached skill level 5 in Shapeshifting
 15733 | D:8      | XOM: god gift: book of Lightning
 15850 | D:8      | Found a shimmering altar of Xom.
 15857 | D:8      | Found a hide-covered altar of Uskayaw.
 15858 | D:8      | Found a radiant altar of Vehumet.
 16130 | D:8      | XOM: summons 6 hostile demons
 16362 | D:8      | XOM: polymorph orc warrior -> golden eye
 16403 | D:8      | Found a basalt altar of Yredelemnul.
 16481 | D:9      | Noticed Pikel
 16486 | D:9      | XOM: draining
 16493 | D:9      | Killed Pikel
 16564 | D:9      | XOM: polymorph bullfrog -> naga
 16574 | D:9      | Reached skill level 8 in Stealth
 16608 | D:9      | XOM: give mutations
 16608 | D:9      | Gained mutation: You are partially covered in iridescent
                  | scales. (AC +2) [Xom's grace]
 16608 | D:9      | Gained mutation: You have a pair of small horns on your
                  | head. [Xom's grace]
 16608 | D:9      | Gained mutation: Your mind is acute. (Int +4, Str/Dex -1)
                  | [Xom's grace]
 16672 | D:9      | Noticed Prince Ribbit
 16679 | D:9      | Killed Prince Ribbit
 16720 | D:9      | XOM: fog
 16852 | D:9      | Noticed a two-headed ogre
 16859 | D:9      | Killed a two-headed ogre
 16860 | D:9      | Reached skill level 5 in Armour
 16880 | D:9      | Noticed Erica
 16880 | D:9      | XOM: 3-stop teleportation journey
 16919 | D:9      | Found a sacrificial altar of Ru.
 16940 | D:9      | XOM: scenery: create altars
 17021 | D:9      | XOM: cleaving
 17113 | D:9      | Killed Erica
 17114 | D:9      | Reached skill level 9 in Stealth
 17233 | D:9      | XOM: noise
 17308 | D:10     | XOM: noise
 17308 | D:10     | Entered Level 10 of the Dungeon
 17590 | D:10     | Reached skill level 5 in Dodging
 17673 | D:10     | XOM: draining
 17674 | D:10     | Noticed a two-headed ogre
 17683 | D:10     | Killed a two-headed ogre
 17704 | D:10     | XOM: silly message
 17722 | D:10     | Found a large runed translucent door.
 17723 | D:10     | Found a large runed translucent door.
 17818 | D:10     | XOM: scenery: create altars
 17820 | D:10     | Reached XP level 12. HP: 59/60 MP: 23/23
 17828 | D:10     | XOM: give mutations
 17828 | D:10     | Lost mutation: You have a pair of small horns on your head.
                  | [Xom's mischief]
 17828 | D:10     | Lost mutation: You are very agile. (Dex +8, Str/Int -2)
                  | [Xom's mischief]
 17828 | D:10     | Lost mutation: Your spells are a little harder to cast, but
                  | a little more powerful. [Xom's mischief]
 17859 | D:10     | Found a burning altar of Makhleb.
 17923 | D:10     | Found a hazy altar of Hepliaklqana.
 17933 | D:10     | Found a shimmering blue altar of Sif Muna.
 17937 | D:10     | XOM: silly message
 17940 | D:10     | Reached skill level 10 in Stealth
 17970 | D:11     | Noticed a two-headed ogre
 17974 | D:11     | Noticed a two-headed ogre
 17981 | D:11     | Killed a two-headed ogre
 17988 | D:11     | XOM: fog
 17989 | D:11     | Killed a two-headed ogre
 18035 | D:11     | XOM: stat loss: -1 Int (13/15)
 18040 | D:11     | XOM: swap monsters
 18045 | D:11     | HP: 2/62 [poisoned by a gargoyle]
 18172 | D:11     | Found a staircase to the Lair.
 18292 | D:11     | XOM: noise
 18495 | D:11     | XOM: give mutation
 18495 | D:11     | Gained mutation: You are robust. (+10% HP) [Xom's grace]
 18547 | Lair:1   | Entered Level 1 of the Lair of Beasts
 18577 | Lair:1   | Reached skill level 11 in Stealth
 18733 | Lair:1   | XOM: enchant monster (good)
 18797 | Lair:1   | XOM: summons friendly white imp
 18801 | Lair:1   | XOM: scenery: summon butterflies
 18804 | Lair:1   | XOM: 2-stop teleportation journey
 18922 | Lair:1   | Identified the +0 leather armour "Denun" {Str+4 Dex+2}
 19059 | Lair:1   | Noticed a boulder beetle
 19070 | Lair:1   | XOM: potion effect (might)
 19074 | Lair:1   | XOM: scenery: summon butterflies
 19076 | Lair:1   | XOM: summons 2 friendly demons
 19081 | Lair:1   | XOM: summons friendly ufetubus
 19093 | Lair:1   | XOM: fog
 19098 | Lair:1   | XOM: summons friendly shadow imp
 19117 | Lair:1   | XOM: enchant monster (bad)
 19123 | Lair:1   | Killed a boulder beetle
 19177 | Lair:1   | XOM: summons 8 friendly demons
 19181 | Lair:1   | Reached XP level 13. HP: 67/73 MP: 21/24
 19319 | Lair:1   | XOM: scenery: summon butterflies
 19363 | Lair:2   | Noticed Sonja
 19365 | Lair:2   | Killed Sonja
 19501 | Lair:2   | Reached skill level 12 in Stealth
 19536 | Lair:2   | XOM: confuse monster(s)
 19575 | Lair:2   | XOM is BORED!
 19575 | Lair:2   | XOM: give mutations
 19575 | Lair:2   | Lost mutation: You have an increased reservoir of magic.
                  | (+10% MP) [Xom's mischief]
 19575 | Lair:2   | Lost mutation: You are robust. (+10% HP) [Xom's mischief]
 19737 | Lair:2   | XOM: cast spell 'Summon Ice Beast'
 19739 | Lair:2   | XOM: smoke on damage
 19775 | Lair:2   | XOM: polymorph ice beast -> rime drake
 19787 | Lair:2   | Found a staircase to the Swamp.
 19867 | Lair:2   | XOM: summons friendly white imp
 19868 | Lair:2   | XOM: cast spell 'Summon Hydra'
 19945 | Lair:2   | XOM: divination: detect creatures
 19969 | Lair:3   | XOM: repel stairs
 19982 | Lair:3   | XOM: confuse monster(s)
 20004 | Lair:3   | Learned a level 3 spell: Dazzling Flash
 20030 | Lair:3   | XOM: enchant monster (bad)
 20116 | Lair:3   | Found a staircase to the Snake Pit.
 20132 | Lair:3   | Reached skill level 1 in Conjurations
 20137 | Lair:3   | Reached skill level 1 in Hexes
 20220 | Lair:3   | XOM: give mutation
 20220 | Lair:3   | Lost mutation: You are covered in fur. (AC +1) [Xom's
                  | mischief]
 20232 | Lair:3   | Reached skill level 13 in Stealth
 20364 | Lair:3   | XOM: chaos cloud
 20820 | Lair:3   | XOM: noise
 20890 | Lair:4   | Found a staircase to the Slime Pits.
 20890 | Lair:4   | Found a viscous altar of Jiyva.
 20951 | Lair:4   | XOM: noise
 20970 | Lair:4   | XOM: noise
 21038 | Lair:4   | XOM: swap monsters
 21057 | Lair:4   | XOM: noise
 21299 | Lair:4   | XOM: 1-stop teleportation journey
 21318 | Lair:4   | XOM: swap monsters
 21332 | Lair:4   | XOM: scenery: summon butterflies
 21372 | Lair:4   | XOM: blink monster(s)
 21372 | Lair:4   | XOM: smoke on damage
 21393 | Lair:4   | XOM: 6-stop teleportation journey
 21582 | Lair:4   | XOM: cast spell 'Summon Hydra'
 21878 | Lair:4   | XOM: give mutation
 21878 | Lair:4   | Lost mutation: Your body sometimes deteriorates upon taking
                  | damage. [Xom's mischief]
 21923 | Lair:5   | Entered Level 5 of the Lair of Beasts
 21950 | Lair:5   | XOM: swap monsters
 21952 | Lair:5   | Reached XP level 14. HP: 69/72 MP: 20/23
 22069 | Lair:5   | XOM is BORED!
 22069 | Abyss:2  | Cast into level 2 of the Abyss (Xom)
 22106 | Abyss:2  | XOM: polymorph small abomination -> small abomination
 22131 | Abyss:2  | XOM: divination: magic mapping
 22143 | Abyss:2  | XOM: blink monster(s)
 22144 | Abyss:2  | XOM: torment (34/58 hp)
 22147 | Abyss:2  | XOM: enchant monster (bad)
 22148 | Abyss:2  | XOM: confusion (+ monsters)
 22150 | Abyss:2  | XOM: chaos cloud
 22261 | Abyss:2  | XOM: give mutation
 22261 | Abyss:2  | Gained mutation: Your spells are a little harder to cast,
                  | but a little more powerful. [Xom's grace]
 22276 | Abyss:2  | Reached skill level 10 in Short Blades
 22295 | Abyss:2  | Noticed a starcursed mass
 22335 | Abyss:2  | XOM: god gift: potion of degeneration
 22441 | Abyss:2  | Noticed a red very ugly thing
 22449 | Abyss:2  | Noticed a red very ugly thing
 22452 | Abyss:2  | Noticed a red very ugly thing
 22452 | Abyss:2  | XOM: cleaving
 22453 | Abyss:2  | Noticed a red very ugly thing
 22453 | Abyss:2  | Noticed a red very ugly thing
 22456 | Abyss:2  | Found a corrupted altar of Lugonu.
 22470 | Abyss:2  | XOM: give mutation
 22470 | Abyss:2  | Gained mutation: You have claws for feet. [Xom's grace]
 22487 | Abyss:2  | Killed a red very ugly thing
 22494 | Lair:5   | Escaped the Abyss
 22570 | Lair:5   | Noticed Snorg
 22577 | Lair:5   | Killed Snorg
 22664 | Lair:5   | XOM: scenery: 1 doors open
 22712 | Lair:5   | XOM: give mutations
 22712 | Lair:5   | Gained mutation: You have a pair of small horns on your
                  | head. [Xom's grace]
 22712 | Lair:5   | Gained mutation: You expend magic power (3 MP) to
                  | strengthen your wands. [Xom's grace]
 22836 | Lair:5   | XOM: chaos cloud
 22980 | Lair:5   | XOM: polymorph hornet -> glowing shapeshifter
 23008 | Lair:5   | XOM: god gift: shortbow {god gift}
 23048 | Lair:5   | Reached skill level 14 in Stealth
 23210 | Lair:5   | XOM: god gift: sedimented dark potion {god gift}
 23361 | Lair:5   | XOM: summons friendly iron imp
 23652 | D:12     | Found a staircase to the Orcish Mines.
 23744 | D:12     | XOM: divination: detect creatures
 24028 | D:12     | XOM: confuse monster(s)
 24281 | Orc:1    | Entered Level 1 of the Orcish Mines
 24290 | Orc:1    | XOM: confuse monster(s)
 24456 | Orc:1    | XOM: fog
 24463 | D:12     | XOM: fake destruction
 24496 | Orc:1    | Noticed Jorgrun
 24506 | Orc:1    | Found a shimmering blue altar of Sif Muna.
 24507 | Orc:1    | XOM: fog
 24513 | D:12     | XOM: polymorph Jorgrun -> Jorgrun
 24518 | D:12     | Killed Jorgrun
 24558 | Orc:1    | Reached XP level 15. HP: 78/78 MP: 22/24
 24616 | Orc:1    | XOM: 1-stop teleportation journey
 24622 | Orc:1    | Reached skill level 1 in Shields
 24815 | Orc:2    | Entered Level 2 of the Orcish Mines
 24842 | Orc:2    | Found a staircase to the Elven Halls.
 24902 | Orc:2    | Found Vojiurai's Overcharged Wands.
 24906 | Orc:1    | Found Omoacopp's General Store.
 24983 | Orc:1    | Bought a wand of mindburst (1) for 16 gold pieces
 25043 | Orc:2    | XOM: stat loss: -1 Int (14/15)
 25134 | Orc:2    | Found Jar Edu's Jewellery Boutique.
 25134 | Orc:2    | XOM: confusion
 25159 | Orc:2    | Reached skill level 15 in Stealth
 25160 | Orc:2    | XOM: blink monster(s)
 25213 | Orc:2    | XOM: summons 1 hostile demon
 25214 | Orc:2    | XOM: enchant monster (good)
 25221 | Orc:2    | XOM: cast spell 'Monstrous Menagerie'
 25270 | Orc:2    | Found Koamuih's Magic Scroll Emporium.
 25296 | Orc:2    | Bought a scroll of teleportation for 45 gold pieces
 25296 | Orc:2    | Bought a scroll of identify for 30 gold pieces
 25296 | Orc:2    | Bought 3 scrolls of teleportation for 135 gold pieces
 25296 | Orc:2    | Bought a scroll of fear for 60 gold pieces
 25332 | Orc:2    | XOM: blink monster(s)
 25342 | Orc:2    | XOM: blink monster(s)
 25386 | Orc:2    | XOM: cloud trail
 25447 | Orc:2    | XOM: polymorph orc knight -> manticore
 25456 | Orc:2    | Found Muddyuth's Antique Armour Emporium.
 25470 | Orc:2    | Found Qoane's Armour Boutique.
 25483 | Orc:2    | XOM: give mutations
 25483 | Orc:2    | Lost mutation: You occasionally lose the ability to drink
                  | potions when taking damage. [Xom's mischief]
 25483 | Orc:2    | Lost mutation: You are agile. (Dex +4, Str/Int -1) [Xom's
                  | mischief]
 25483 | Orc:2    | Lost mutation: You are partially covered in iridescent
                  | scales. (AC +2) [Xom's mischief]
 25520 | Orc:2    | Bought a translucent leather armour for 203 gold pieces
 25520 | Orc:2    | Identified the +2 leather armour "Anlun" {rElec rF+ Slay+2}
                  | (You bought it in a shop on level 2 of the Orcish Mines)
 25621 | Orc:2    | XOM: give mutations
 25621 | Orc:2    | Lost mutation: Your mind is acute. (Int +4, Str/Dex -1)
                  | [Xom's mischief]
 25621 | Orc:2    | Gained mutation: You have a pair of horns on your head.
                  | [Xom's mischief]
 25762 | Orc:2    | XOM: stat loss: -1 Str (25/26)
 25781 | Orc:2    | XOM: give mutations
 25781 | Orc:2    | Lost mutation: Your spells are a little harder to cast, but
                  | a little more powerful. [Xom's mischief]
 25781 | Orc:2    | Lost mutation: Your flesh is very cold resistant. (rC++)
                  | [Xom's mischief]
 25915 | Elf:1    | Entered Level 1 of the Elven Halls
 25931 | Elf:1    | XOM: noise
 25997 | Elf:1    | Noticed a deep elf sorcerer
 26012 | Elf:1    | Killed a deep elf sorcerer
 26113 | Elf:1    | XOM: chaos upgrade
 26119 | Elf:1    | XOM: cast spell 'Discord'
 26121 | Elf:1    | XOM: potion effect (haste)
 26129 | Elf:1    | XOM: enchant monster (good)
 26233 | Elf:1    | XOM: scenery: 3 doors close
 26241 | Elf:1    | XOM: enchant monster (good)
 26244 | Elf:1    | XOM: summons friendly ufetubus
 26246 | Elf:1    | XOM: confuse monster(s)
 26277 | Elf:1    | Reached skill level 16 in Stealth
 26297 | Elf:1    | XOM: potion effect (berserk rage)
 26421 | Elf:1    | XOM: 1-stop teleportation journey
 26435 | Elf:1    | Found Betoteha's Magic Scroll Boutique.
 26437 | Elf:1    | Found Jijoriug's General Store.
 26438 | Elf:1    | Found Xoffish's Distillery.
 26438 | Elf:1    | Found Eranky's Assorted Antiques.
 26449 | Elf:1    | Bought a potion of might for 72 gold pieces
 26449 | Elf:1    | Identified the +9 dire flail of Oily Offence {heavy, Will+}
 26454 | Elf:1    | Paralysed by an air elemental for 1 turns
 26485 | Elf:1    | Bought a scroll of teleportation for 33 gold pieces
 26525 | Elf:1    | Bought a scroll of teleportation for 51 gold pieces
 26525 | Elf:1    | Bought a scroll of teleportation for 51 gold pieces
 26525 | Elf:1    | Bought a scroll of blinking for 127 gold pieces
 26531 | Elf:1    | Bought a scroll of identify for 46 gold pieces
 26531 | Elf:1    | Bought a scroll of identify for 46 gold pieces
 26534 | Elf:1    | Bought an ichor-stained helmet for 218 gold pieces
 26534 | Elf:1    | Identified the +0 helmet of Doaroj {Str+5 Dex-5} (You
                  | bought it in a shop on level 1 of the Elven Halls)
 26688 | Elf:1    | Reached XP level 16. HP: 83/83 MP: 25/25
 26758 | Elf:1    | XOM: silly message
 26825 | Elf:1    | XOM: noise
 27015 | Elf:1    | Bought a scroll of enchant weapon for 127 gold pieces
 27015 | Elf:1    | Bought a scroll of enchant armour for 127 gold pieces
 27015 | Elf:1    | Bought a scroll of enchant weapon for 127 gold pieces
 27027 | Elf:1    | XOM: silly message
 27418 | D:13     | XOM: 5-stop teleportation journey
 27668 | D:13     | Noticed Urug
 27675 | D:13     | Killed Urug
 27705 | D:13     | XOM is BORED!
 27987 | D:14     | XOM: blink monster(s)
 28359 | D:14     | Noticed Kirke
 28394 | D:14     | XOM: summons friendly quasit
 28395 | D:14     | Killed Kirke
 28396 | D:14     | Reached skill level 10 in Shapeshifting
 28429 | D:14     | XOM: summons friendly shadow imp
 28447 | D:14     | XOM: god gift: scroll of teleportation
 28457 | D:14     | Identified the +1 glaive of Zilleck {flame, Int+6}
 28479 | D:14     | Reached skill level 17 in Stealth
 28482 | D:14     | XOM: stat loss: -1 Str (26/27)
 28507 | D:14     | Found a gate to the Vaults.
 28708 | D:14     | Found an opulent altar of Gozag.
 28723 | D:14     | XOM: stat loss: -1 Int (11/12)
 28818 | D:14     | XOM: give mutation
 28818 | D:14     | Gained mutation: You have a pair of large horns on your
                  | head. [Xom's mischief]
 28956 | D:14     | Found a white marble altar of Elyvilon.
 29044 | D:15     | Entered Level 15 of the Dungeon
 29067 | D:15     | Found a staircase to the Depths.
 29074 | D:15     | XOM: butterfly on damage
 29141 | D:15     | Identified the +1 ring mail of Ball {rF+ rCorr Dex+3}
 29166 | D:15     | XOM: summons 1 hostile demon
 29206 | D:15     | XOM: polymorph brown ugly thing -> white ugly thing
 29213 | D:15     | XOM: give mutations
 29213 | D:15     | Lost mutation: You have a pair of large horns on your head.
                  | [Xom's mischief]
 29213 | D:15     | Gained mutation: You are dopey. (Int -2) [Xom's mischief]
 29213 | D:15     | Lost mutation: Your muscles are very strong. (Str +8,
                  | Int/Dex -2) [Xom's mischief]
 29238 | D:15     | XOM: polymorph brown ugly thing -> green ugly thing
 29351 | D:15     | Found a portal to a secret trove of treasure.
 29382 | D:15     | Found a sparkling altar of Nemelex Xobeh.
 29411 | D:15     | Found a stormy altar of Qazlal.
 29450 | D:15     | Reached skill level 5 in Shields
 29450 | D:15     | XOM: 5-stop teleportation journey
 29460 | D:15     | XOM: torment (53/84 hp)
 29475 | D:15     | XOM: give mutations
 29475 | D:15     | Lost mutation: You expend magic power (3 MP) to strengthen
                  | your wands. [Xom's mischief]
 29475 | D:15     | Gained mutation: You are somewhat resistant to further
                  | mutation. [Xom's mischief]
 29475 | D:15     | Lost mutation: Your muscles are strong. (Str +4, Int/Dex
                  | -1) [Xom's mischief]
 29484 | D:15     | XOM: silly message
 29628 | D:15     | XOM: smoke on damage
 29644 | D:15     | XOM: give mutations
 29644 | D:15     | Lost mutation: You are somewhat resistant to further
                  | mutation. [Xom's mischief]
 29644 | D:15     | Gained mutation: You are partially covered in iridescent
                  | scales. (AC +2) [Xom's mischief]
 29644 | D:15     | Lost mutation: Your flesh is cold resistant. (rC+) [Xom's
                  | mischief]
 29644 | D:15     | Gained mutation: You are vulnerable to cold. (rC-) [Xom's
                  | mischief]
 29798 | D:15     | XOM: enchant monster (bad)
 29819 | D:15     | Reached skill level 10 in Dodging
 29824 | D:15     | XOM: give mutations
 29824 | D:15     | Lost mutation: You have a pair of horns on your head.
                  | [Xom's mischief]
 29824 | D:15     | Lost mutation: You have a pair of small horns on your head.
                  | [Xom's mischief]
 29824 | D:15     | Gained mutation: You passively dampen the noise of your
                  | surroundings. [Xom's mischief]
 29828 | D:15     | XOM: summons friendly iron imp
 30216 | Swamp:1  | Entered Level 1 of the Swamp
 30261 | Swamp:1  | XOM: potion effect (brilliance)
 30646 | Swamp:1  | XOM: summons 2 friendly demons
 30657 | Swamp:1  | Reached XP level 17. HP: 39/88 MP: 26/26
 31563 | D:11     | XOM: cloud trail
 32261 | D:11     | XOM: scenery: create altars
 32733 | D:11     | XOM: divination: detect creatures
 33550 | D:11     | XOM: noise
 34173 | D:11     | XOM is BORED!
 34173 | D:11     | XOM: noise
 34395 | D:11     | XOM: god gift: chain mail {god gift}
 34489 | D:11     | XOM: silly message
 34653 | D:11     | XOM: silly message
 34723 | D:11     | XOM: silly message
 34823 | D:11     | XOM: god gift: 2 bubbling golden potions {god gift}
 35059 | D:11     | XOM: god gift: robe {god gift}
 35176 | D:11     | XOM: 8-stop teleportation journey
 35453 | D:11     | XOM: give mutation
 35453 | D:11     | Lost mutation: You have claws for feet. [Xom's mischief]
 35645 | D:11     | XOM: scenery: create altars
 35827 | D:11     | XOM: draining
 35895 | D:11     | XOM is BORED!
 35895 | D:11     | XOM: summons 4 hostile shadow creatures
 35975 | D:12     | XOM: summons 4 hostile demons
 36193 | D:11     | XOM: god gift: 51 gold pieces
 36757 | D:11     | XOM: draining
 37686 | D:11     | XOM: silly message
 37836 | D:11     | XOM: summons 1 hostile demon
 38028 | D:12     | XOM: noise
 38129 | D:12     | Lost mutation: You are dopey. (Int -2) [potion of mutation]
 38129 | D:12     | Lost mutation: You are vulnerable to cold. (rC-) [potion of
                  | mutation]
 38129 | D:12     | Gained mutation: You are agile. (Dex +4, Str/Int -1)
                  | [potion of mutation]
 38129 | D:12     | Gained mutation: Your system is resistant to poisons.
                  | (rPois) [potion of mutation]
 38129 | D:12     | Gained mutation: You possess an exceptional clarity of
                  | mind. [potion of mutation]
 38526 | Swamp:1  | XOM: give mutation
 38526 | Swamp:1  | Gained mutation: You occasionally lose the ability to read
                  | scrolls when taking damage. [Xom's mischief]
 38606 | Swamp:2  | XOM: blink monster(s)
 38616 | Swamp:2  | XOM: give mutations
 38616 | Swamp:2  | Lost mutation: You passively dampen the noise of your
                  | surroundings. [Xom's mischief]
 38616 | Swamp:2  | Lost mutation: Your system is resistant to poisons. (rPois)
                  | [Xom's mischief]
 38616 | Swamp:2  | Gained mutation: You have hidden genetic defects. [Xom's
                  | mischief]
 38619 | Swamp:2  | Succumbed to a death drake's dark miasma

Illustrated notes

Levels and vault maps discovered:
D:1:      dpeg_arrival_arbitrary_a, layout_basic, serial_glass, glass_columns_b,
          glass_columns_a, glass_columns_c, glass_columns_b, glass_columns_a,
          glass_columns_c, glass_columns_a, glass_columns_c, item_on_display_a,
          due_unseen_surprise, item_on_display_b, minmay_strange_pillars,
          basic_ecumenical_altar, st_stairs_12, serial_bayou_lagoon_a,
          minmay_misc_feat_iff
D:2:      layout_loops_ring, hangedman_decor_points, uniq_sigmund
D:3:      layout_rooms, mainiacjoe_overflow_alcove_2, slow_altar_1,
          nicolae_shop_unique_rings, st_stairs_4, serial_bayou_pond_d,
          uniq_grinder
D:4:      layout_loops_ring, portal_sewer_entry_a, gammafunk_ghost_stat_death,
          uniq_eustachio
D:5:      layout_gridville, overflow_temple_1_default, minmay_temple_entry_grid,
          minmay_tree_intersection, minmay_misc_feat_square
D:6:      layout_basic, mainiacjoe_overflow_cross_hatched,
          hangedman_abyss_or_decor_slice, nicolae_elevator_lobby_asterisk
D:7:      kennysheep_windowed_halls, layout_gridville,
          gammafunk_temple_overflow_pools, enter_bailey_7,
          chequers_decorated_corner, chequers_serial_rivers_micro_d,
          uniq_jeremiah, uniq_joseph
D:8:      layout_loops_ring, minitemple, lemuel_mausoleum_altar_yredelemnul,
          mrwooster_statue_mirror, minmay_small_thing
D:9:      layout_cave_pods, kennysheep_little_box, uniq_erica,
          uniq_prince_ribbit1, uniq_pikel
D:10:     layout_basic, lemuel_coloured_pillars_altar, jmf_multi_god_temple2
D:11:     layout_basic, lair_entry_dummy
D:12:     layout_long_grid, erik_orc_3, grunt_ogre_cave
D:13:     layout_stronghold, uniq_urug
D:14:     layout_loops_corners, grunt_vaults_entry_fortified,
          nicolae_elyvilon_temple_path,
          nicolae_gozag_cash_rules_everything_around_me, uniq_kirke
D:15:     grunt_enter_depths_giant_problem, layout_small_grid,
          nicolae_trove_entry_crystal, special_room [special_room_mythical_zoo],
          nicolae_qazlal_general_emergency, nemelex_spade_bored_becter
Lair:1:   layout_misc_corridors, chequers_serial_rivers_small_b,
          hangedman_lair_unloving_vines, nzn_sisyphean_effort
Lair:2:   layout_misc_corridors, palyth_hydra_swamp_entry, uniq_sonja
Lair:3:   layout_small_grid, minmay_snake_entry_six_corridors, minivault_27,
          lemuel_fruit_tree
Lair:4:   layout_cellular_growth, slime_entry_1, serial_bayou_ford_a
Lair:5:   minmay_lair_end_enchanted_forest, layout_regular_city,
          grunt_forest_small_clearing_treed, uniq_snorg
Swamp:1:  layout_basic_swamp, evilmike_swamp_ruin_rubble_1, swamp_pool2
Swamp:2:  layout_falls_marsh, evilmike_swamp_ruin_rubble_2,
          nicolae_swamp_frolicking_bunyips
Orc:1:    layout_diamond_mine, serial_shops, nicolae_shop_tiny_statue_garden,
          led_sif_book, uniq_jorgrun
Orc:2:    st_orc_town, layout_diamond_mine, nicolae_shop_overcharged_wands
Elf:1:    eino_elf_arrival_the_gate, layout_gridlike, hangedman_elf_represent,
          nicolae_wooded_promenade, feat_on_display

Skill      XL: |  1  2  3  4  5  6  7  8  9 10 11 12 13 14 15 16 |
---------------+-------------------------------------------------+-----
Fighting       | 3 4 5 6 7 8 9 |  9.4
Short Blades   | 4 5 6 7 8 9 10 | 10.8
Armour         | 2 3 4 5 6 7 8 9 |  9.4
Dodging        | 1 2 3 4 5 6 7 8 9 10 | 10.2
Stealth        | 1 2 3 4 5 6 9 11 13 14 16 17 | 17.9
Evocations     | 1 2 4 5 |  5.3
Spellcasting   | 1 3 4 5 |  5.7
Shapeshifting  | 1 3 4 5 7 8 9 10 | 10.6
Conjurations   | 2 4 |  4.3
Hexes          | 2 4 |  4.7
Shields        | 3 5 |  5.4
Unarmed Combat | |  0.2

Action                     |  1- 3 |  4- 6 |  7- 9 | 10-12 | 13-15 | 16-18 || total
---------------------------+-------+-------+-------+-------+-------+-------++-------
  Melee: Short sword       |    17 |   149 |   422 |   181 |       |       ||   769
         Bite              |     2 |    43 |   130 |   215 |   414 |   189 ||   993
         Kick              |       |    33 |   162 |   252 |   359 |   155 ||   961
         Punch             |       |     3 |     8 |     8 |     8 |       ||    27
         Unarmed           |       |     3 |       |       |       |       ||     3
         Dagger            |       |       |       |   409 |  1024 |   408 ||  1841
         Headbutt          |       |       |       |     9 |   167 |    84 ||   260
   Cast: Dazzling Flash    |       |       |       |       |     9 |     4 ||    13
  Evoke: Wand              |       |     2 |       |     3 |       |       ||     5
         Phial of floods   |       |       |       |       |     1 |       ||     1
    Use: Potion            |     1 |       |       |     1 |     1 |     1 ||     4
         Scroll            |       |     5 |     2 |     7 |     9 |     3 ||    26
   Stab: Sleeping          |       |    10 |    16 |    30 |    44 |    31 ||   131
         Distracted        |       |     1 |       |     1 |    16 |     1 ||    19
         Confused          |       |       |     1 |     2 |    12 |       ||    15
         Paralysed         |       |       |       |     1 |     1 |       ||     2
         Invisible         |       |       |       |       |    11 |     3 ||    14
 Armour: Leather armour    |     7 |    90 |   158 |   178 |   115 |   112 ||   660
         Skin              |       |     1 |       |       |       |       ||     1
         Troll leather arm |       |       |       |       |   108 |       ||   108
  Dodge: Dodged            |     8 |    81 |   171 |   248 |   386 |   152 ||  1046
  Block: Buckler           |       |       |       |       |   164 |   137 ||   301
         Reflection        |       |       |       |       |    13 |    12 ||    25

Table legend: (Time is in decaauts)
 A = Elapsed time spent in this place.
 B = Non-inter-level travel time spent in this place.
 C = Inter-level travel time spent in this place.
 D = Time resting spent in this place.
 E = Time spent auto-exploring this place.
 F = Levels seen in this place.
 G = Mean time per level.
                   A        B        C        D        E       F      G
               +--------+--------+--------+--------+--------+-----+--------+
         Total |  37475 |  35844 |   1631 |  16070 |  14527 |  28 | 1338.4 |
       Dungeon |  27984 |  26954 |   1030 |  15599 |   9014 |  15 | 1865.6 |
          Lair |   4347 |   4024 |    323 |    157 |   2923 |   5 |  869.4 |
         Swamp |    933 |    879 |     54 |    254 |    419 |   2 |  466.5 |
  Orcish Mines |   1257 |   1111 |    146 |      0 |    704 |   2 |  628.5 |
   Elven Halls |   1064 |    989 |     75 |      2 |    694 |   1 | 1064.0 |
         Abyss |    368 |    368 |      0 |     29 |     42 |   1 |  368.0 |
         Sewer |    854 |    854 |      0 |      0 |    539 |   1 |  854.0 |
        Bailey |    665 |    665 |      0 |     29 |    190 |   1 |  665.0 |
               +--------+--------+--------+--------+--------+-----+--------+

Top non-repeatable levels by time:
     D:1: 8508 daAuts
    D:11: 7554 daAuts
    D:12: 1306 daAuts
     D:6: 1167 daAuts
     D:8: 1076 daAuts
   Elf:1: 1064 daAuts
    D:14: 1061 daAuts
     D:2: 1012 daAuts
  Lair:5: 1009 daAuts
  Lair:4: 968 daAuts
    D:15: 948 daAuts
 Swamp:1: 918 daAuts
     D:7: 914 daAuts
  Lair:3: 906 daAuts
   Orc:2: 900 daAuts
